 Dungeon Crawl Stone Soup version 0.27-a0-1193-g8631133539 (webtiles) character file.

Game seed: 17396593078124001327

9444 robertstho the Cleaver (level 11, -4/151 HPs)
             Began as a Pale Draconian Berserker on May 26, 2021.
             Was a High Priest of Trog.
             Slain by a 12-headed hydra (10 damage)
             ... on level 11 of the Dungeon.
             The game lasted 00:16:44 (10015 turns).

robertstho the Cleaver (Pale Draconian Berserker)  Turns: 10015, Time: 00:16:45

Health: -4/151     AC: 10    Str: 23    XL:     11   Next: 23%
Magic:  20/20      EV: 15    Int:  8    God:    Trog [*****.]
Gold:   695        SH:  0    Dex: 10    Spells: 10/10 levels left

rFire    . . .     SeeInvis +   A - +0 war axe (elec)
rCold    . . .     Faith    .   (no shield)
rNeg     . . .     Spirit   .   (armour unavailable)
rPois    .         Reflect  .   (helmet restricted)
rElec    .         Harm     .   w - +0 cloak
rCorr    .         Rampage  .   k - +0 pair of gloves
Will     .....                  i - +0 pair of boots
Stlth    ..........             (no amulet)
HPRegen  1.35/turn              g - ring of magical power
MPRegen  0.17/turn              z - ring of see invisible

@: berserking (expiring), studying Fighting, very quick
A: breathe steam, AC +7, unfitting armour, cold-blooded, steam resistance,
hooves 1, regeneration 1
a: Breathe Steam, Renounce Religion, Berserk, Trog's Hand, Brothers in Arms


You were on level 11 of the Dungeon.
You worshipped Trog.
Trog was extremely pleased with you.
You visited 1 branch of the dungeon, and saw 11 of its levels.
You also visited: Sewer and Ossuary.

You collected 695 gold pieces.

Inventory:

Hand Weapons
 A - a +0 war axe of electrocution (weapon)
Missiles
 a - a throwing net
 y - a curare-tipped dart
Armour
 i - a +0 pair of boots (worn)
 k - a +0 pair of gloves (worn)
 w - a +0 cloak (worn)
Jewellery
 g - a ring of magical power (left hand)
 z - a ring of see invisible (right hand)
Wands
 v - a wand of iceblast (8)
 x - a wand of flame (17)
Scrolls
 b - 3 scrolls of enchant weapon {unknown}
 d - 4 scrolls of noise {unknown}
 f - 5 scrolls of enchant armour {unknown}
 h - 2 scrolls of magic mapping
 j - 2 scrolls of immolation {unknown}
 l - 3 scrolls of amnesia {unknown}
 o - 8 scrolls of blinking
 p - 5 scrolls of teleportation {unknown}
 s - 3 scrolls of fear {unknown}
 u - 3 scrolls of brand weapon
Potions
 c - 3 potions of lignification
 m - 2 potions of heal wounds {unknown}
 n - a potion of might
 t - 2 potions of invisibility
Miscellaneous
 B - a condenser vane


   Skills:
 * Level 10.6 Fighting
 + Level 11.1 Axes
 * Level 9.6 Dodging
 + Level 3.1 Stealth


You had 10 spell levels left.
You didn't know any spells.
Your spell library was empty.

Dungeon Overview and Level Annotations

Branches:
Dungeon (11/15)            Temple (0/1) D:6            Lair (0/6) D:8
    Orc (0/2) D:10          Sewer (visited)         Ossuary (visited)

Altars:
Fedhas
Okawaru
Ru
Sif Muna
Yredelemnul
Zin
The Shining One

Shops:
D:4 =


Innate Abilities, Weirdness & Mutations

You can breathe blasts of scalding, opaque steam.
Your pale cyan-grey scales are hard. (AC +7)
You cannot fit into any form of body armour.
You are cold-blooded and may be slowed by cold attacks.
You are immune to the effects of steam.
You have large cloven feet.
Your natural rate of healing is unusually fast.


Message History

Trog accepts your kill.
The troll leather armour is intact enough to wear.
You barely miss the ten-headed hydra. The ten-headed hydra barely misses you.
The ten-headed hydra bites you! The ten-headed hydra barely misses you.
The ten-headed hydra misses you. The ten-headed hydra barely misses you.
The ten-headed hydra bites you! The ten-headed hydra bites you.
The ten-headed hydra closely misses you.
The ten-headed hydra bites you but does no damage.
The ten-headed hydra bites you.
You barely miss the ten-headed hydra. You tail-slap the ten-headed hydra!
The ten-headed hydra is severely wounded.
You hack one of the ten-headed hydra's heads off!
The nine-headed hydra grows two more!
You slice the 11-headed hydra!!
The 11-headed hydra is severely wounded.
The 11-headed hydra bites you.
The 11-headed hydra bites you but does no damage.
The 11-headed hydra misses you.
The 11-headed hydra closely misses you. x2
The 11-headed hydra bites you but does no damage.
The 11-headed hydra bites you!
* * * LOW HITPOINT WARNING * * *
The 11-headed hydra closely misses you.
The 11-headed hydra bites you but does no damage.
The 11-headed hydra closely misses you. The 11-headed hydra bites you!
* * * LOW HITPOINT WARNING * * *
You chop one of the 11-headed hydra's heads off!
The ten-headed hydra grows two more!
You hit the 12-headed hydra.
Lightning courses through the 12-headed hydra!!
You tail-slap the 12-headed hydra.
The 12-headed hydra is almost dead.
The 12-headed hydra misses you. The 12-headed hydra bites you.
* * * LOW HITPOINT WARNING * * *
The 12-headed hydra misses you.
The 12-headed hydra bites you but does no damage.
The 12-headed hydra misses you. The 12-headed hydra bites you.
* * * LOW HITPOINT WARNING * * *
The 12-headed hydra bites you but does no damage.
The 12-headed hydra bites you!
* * * LOW HITPOINT WARNING * * *
The 12-headed hydra misses you. The 12-headed hydra bites you!
You die...

#..♣ .##..♣ #.##..♣#
♣. #.. #...♣♣♣.. ##..
#<.......
###+###..####......#.
(....#...........(..
##D.#..(..>......##
#([@'..####......#
#.^.###..####......#
#.. #.##.[..###### ##
#..#.#### ##...#
##..# ##.# #.# #.#


You could see a 12-headed hydra.

Vanquished Creatures
  A two-headed ogre (D:10)
  Pikel (D:7)
  A troll (D:11)
  Grinder (D:5)
  Prince Ribbit (D:5)
  A shadow (D:11)
  A wraith (D:11)
  4 wyverns
  Eustachio (D:5)
  2 yaks (D:10)
  Grum (D:6)
  A steam dragon (D:10)
  An acid dragon (D:10)
  3 water moccasins
  An orc warrior (D:10)
  4 sky beasts
  A necrophage (D:6)
  A wolf (D:6)
  7 centaurs
  A phantom (D:3)
  2 kobold brigands
  A gnoll sergeant (D:6)
  3 bullfrogs
  11 scorpions
  2 wyvern skeletons
  6 killer bees (D:8)
  9 wights
  11 howler monkeys
  A bullfrog zombie (D:6)
  5 centaur zombies
  A jelly (D:5)
  11 hounds
  2 orc priests
  A gnoll shaman (D:6)
  3 human zombies (Ossuary)
  Natasha (thrice) (D:2)
  6 iguanas
  2 orc wizards
  5 scorpion zombies
  A hound skeleton (D:4)
  3 mummies (Ossuary)
  9 adders
  21 gnolls
  A howler monkey skeleton (D:5)
  A shadow imp (D:6)
  An ufetubus (D:7)
  2 adder skeletons
  A worm (D:2)
  4 dart slugs
  29 orcs
  7 endoplasms
  3 giant cockroaches
  A gnoll zombie (Ossuary)
  5 goblins
  7 hobgoblins
  15 jackals
  12 kobolds
  2 quokkas
  4 ball pythons
  8 bats
  A frilled lizard (D:3)
  3 goblin zombies (Ossuary)
  5 hobgoblin zombies (Ossuary)
  A kobold zombie (Ossuary)
  2 orc zombies (Ossuary)
  3 rats
272 creatures vanquished.

Vanquished Creatures (collateral kills)
  A gnoll sergeant (D:6)
  A water moccasin zombie (D:6)
  2 gnoll shamans (D:6)
  6 gnolls (D:6)
10 creatures vanquished.

Vanquished Creatures (others)
  8 plants (D:3)
8 creatures vanquished.

Grand Total: 290 creatures vanquished

Notes
Turn   | Place    | Note
-------+----------+-------------------------------------------
     0 | D:1      | robertstho the Draconian Berserker began the quest for the
                  | Orb.
     0 | D:1      | Reached XP level 1. HP: 19/19 MP: 1/1
   199 | D:1      | Found a faded altar of an unknown god.
   329 | D:1      | Reached XP level 2. HP: 26/26 MP: 2/2
   908 | D:2      | Noticed Natasha
   920 | D:2      | Noticed a crimson imp
   925 | D:2      | Killed Natasha
   926 | D:2      | Reached XP level 3. HP: 33/33 MP: 3/3
  1106 | D:2      | Reached XP level 4. HP: 25/40 MP: 4/4
  2320 | D:2      | Noticed Natasha
  2325 | D:2      | Killed Natasha
  2325 | D:2      | Reached ** piety under Trog
  2326 | D:2      | Reached XP level 5. HP: 47/47 MP: 5/5
  2342 | D:2      | Noticed Natasha
  2349 | D:2      | Killed Natasha
  2350 | D:2      | Reached skill level 4 in Axes
  2739 | D:3      | Noticed a phantom
  2753 | D:3      | Killed a phantom
  2754 | D:3      | Reached skill level 5 in Fighting
  2754 | D:3      | Reached XP level 6. HP: 47/56 MP: 6/6
  3728 | D:4      | Reached skill level 1 in Stealth
  3817 | D:4      | Reached *** piety under Trog
  3849 | D:4      | Found Raub's Jewellery Shop.
  3912 | D:4      | Reached skill level 5 in Axes
  4120 | D:4      | Your scales start taking on a pale cyan-grey colour.
  4120 | D:4      | Reached XP level 7. HP: 47/61 MP: 7/7
  4120 | D:4      | Gained mutation: You are immune to the effects of steam.
                  | [Pale Draconian growth]
  4504 | D:5      | Entered Level 5 of the Dungeon
  4684 | D:5      | Found a glowing golden altar of the Shining One.
  4690 | D:5      | Found a basalt altar of Yredelemnul.
  4692 | D:5      | Noticed a profane servitor
  4860 | D:5      | Noticed Grinder
  4873 | D:5      | Reached skill level 5 in Dodging
  4881 | D:5      | Paralysed by Grinder for 5 turns
  4888 | D:5      | Killed Grinder
  5031 | D:5      | Noticed Eustachio
  5039 | D:5      | Killed Eustachio
  5040 | D:5      | Reached skill level 6 in Axes
  5040 | D:5      | Reached XP level 8. HP: 71/71 MP: 8/8
  5123 | D:5      | Identified the +0 helmet of Agietyv {rF++}
  5730 | D:5      | Noticed Prince Ribbit
  5754 | D:5      | Killed Prince Ribbit
  5756 | D:5      | Reached **** piety under Trog
  6121 | D:5      | Noticed an angel
  6150 | D:6      | Found a staircase to the Ecumenical Temple.
  6161 | D:6      | Reached skill level 7 in Axes
  6249 | D:6      | Noticed Grum
  6258 | D:6      | Killed Grum
  6265 | D:6      | Reached XP level 9. HP: 55/79 MP: 9/9
  6380 | D:6      | Gained mutation: Your flesh is cold resistant. (rC+)
                  | [potion of mutation]
  6380 | D:6      | Gained mutation: Your natural rate of healing is unusually
                  | fast. [potion of mutation]
  6380 | D:6      | Lost mutation: Your flesh is cold resistant. (rC+) [potion
                  | of mutation]
  6380 | D:6      | Gained mutation: You have large cloven feet. [potion of
                  | mutation]
  6423 | D:6      | Found a glowing drain.
  6432 | Sewer    | Entered a sewer
  6780 | D:6      | Reached skill level 8 in Axes
  7335 | D:7      | Noticed Pikel
  7347 | D:7      | Found a sand-covered staircase.
  7352 | Ossuary  | Entered an ossuary
  7654 | Ossuary  | Reached skill level 9 in Axes
  7749 | D:7      | Killed Pikel
  7750 | D:7      | Reached XP level 10. HP: 91/91 MP: 10/10
  8025 | D:7      | Found a blossoming altar of Fedhas.
  8156 | D:7      | Reached ***** piety under Trog
  8334 | D:8      | Found a staircase to the Lair.
  8366 | D:8      | Found a shimmering blue altar of Sif Muna.
  8372 | D:8      | Found an iron altar of Okawaru.
  8372 | D:8      | Found a sacrificial altar of Ru.
  8375 | D:8      | Found a glowing silver altar of Zin.
  8389 | D:8      | Reached skill level 10 in Axes
  8536 | D:8      | Identified the +3 ring mail "Qiwnetif" {Will++}
  9340 | D:10     | Entered Level 10 of the Dungeon
  9384 | D:10     | Identified the +2 plate armour of Atizyitaf {rElec}
  9480 | D:10     | Reached skill level 10 in Fighting
  9585 | D:10     | Reached XP level 11. HP: 99/99 MP: 11/11
  9728 | D:10     | Noticed a two-headed ogre
  9738 | D:10     | Killed a two-headed ogre
  9739 | D:10     | Reached skill level 11 in Axes
  9874 | D:10     | Found a staircase to the Orcish Mines.
  9952 | D:10     | Identified a scroll of acquirement
  9953 | D:10     | Acquired a manual of Fighting
 10004 | D:11     | Noticed a seven-headed hydra
 10015 | D:11     | HP: 6/151 [12-headed hydra (11)]
 10015 | D:11     | Slain by a 12-headed hydra

Illustrated notes

Levels and vault maps discovered:
D:1:      roderic_crossed_star, layout_basic,
          hellmonk_ecumenical_altar_arch_garden
D:2:      layout_basic, uniq_natasha
D:3:      layout_rooms, serial_bayou, serial_bayou_pond_d,
          serial_bayou_crossing, serial_bayou_pond_c, serial_bayou_pond_a,
          guppyfry_early_lair_pool
D:4:      layout_basic, serial_shops, nicolae_shop_waterfront,
          minmay_misc_feat_four_crosses, roderic_st_hans_cross
D:5:      layout_loops_corners, grunt_temple_overflow_holy_war,
          kennysheep_generic_room_2, uniq_eustachio, uniq_prince_ribbit1,
          uniq_grinder
D:6:      layout_cave_pools, minmay_temple_entry_mini_moons,
          portal_sewer_entry_d, serial_gnoll_camp, gnoll_camp_medium_01,
          gnoll_camp_mini_loothouse, gnoll_camp_mini_hut,
          gnoll_camp_mini_sergeant, grums_kennel, gnoll_camp_mini_doghouse
D:7:      nicolae_whirlpool, layout_cave_pools, kennysheep_little_box,
          enter_ossuary_5, uniq_pikel
D:8:      layout_loops_ring, grunt_temple_overflow_open, lair_entry_dummy
D:9:      layout_rooms
D:10:     wad_woods_structure_01, layout_rooms, hiddenorc1_lemuel
D:11:     minmay_the_grid_octo_tiled_octocenter [minmay_the_grid_octo_pinwheel,
          minmay_the_grid_octo_tetromino_candy, minmay_the_grid_octo_horde,
          minmay_the_grid_octo_vomiting_pacman,
          minmay_the_grid_octo_prize_ultimate_mussel_roller,
          minmay_the_grid_square_5x5_inset,
          minmay_the_grid_square_5x5_intrusive_squares,
          minmay_the_grid_square_5x5_trominoes,
          minmay_the_grid_square_5x5_bite], layout_loops_ring,
          minmay_stone_trees_medium, grunt_decor_cap, minmay_misc_feat_doors

Skill      XL: |  1  2  3  4  5  6  7  8  9 10 11 |
---------------+----------------------------------+-----
Dodging        | 3 4 5 7 8 9 |  9.6
Fighting       | 4 5 6 7 9 10 | 10.6
Axes           | 4 5 6 7 9 10 11 | 11.1
Stealth        | 1 2 3 |  3.1

Action                   |  1- 3 |  4- 6 |  7- 9 | 10-12 || total
-------------------------+-------+-------+-------+-------++-------
Melee: Hand axe          |    43 |   193 |    56 |       ||   292
       Tailslap          |     5 |    24 |    49 |    38 ||   116
       War axe           |       |       |   293 |   215 ||   508
Invok: Berserk           |     2 |     7 |    11 |     9 ||    29
       Trog's Hand       |       |       |     4 |       ||     4
       Brothers in Arms  |       |       |     1 |       ||     1
 Abil: Breathe Steam     |       |       |    14 |     5 ||    19
  Use: Scroll            |       |     3 |     3 |     7 ||    13
       Potion            |       |       |     4 |       ||     4
 Stab: Sleeping          |       |     4 |     1 |     3 ||     8
       Distracted        |       |     1 |       |       ||     1
Armor: Skin              |    10 |    77 |   130 |   113 ||   330
Dodge: Dodged            |    34 |   130 |   297 |   233 ||   694

Table legend: (Time is in decaauts)
 A = Elapsed time spent in this place.
 B = Non-inter-level travel time spent in this place.
 C = Inter-level travel time spent in this place.
 D = Time resting spent in this place.
 E = Time spent auto-exploring this place.
 F = Levels seen in this place.
 G = Mean time per level.
                   A        B        C        D        E       F      G
               +--------+--------+--------+--------+--------+-----+--------+
         Total |  10378 |  10141 |    237 |   1097 |   6899 |  13 |  798.3 |
       Dungeon |   9751 |   9514 |    237 |   1005 |   6711 |  11 |  886.5 |
         Sewer |    231 |    231 |      0 |     49 |     78 |   1 |  231.0 |
       Ossuary |    396 |    396 |      0 |     42 |    109 |   1 |  396.0 |
               +--------+--------+--------+--------+--------+-----+--------+

Top non-repeatable levels by time:
     D:5: 1680 daAuts
     D:2: 1611 daAuts
     D:1: 1216 daAuts
     D:6: 976 daAuts
     D:4: 917 daAuts
     D:3: 900 daAuts
     D:8: 727 daAuts
     D:7: 683 daAuts
    D:10: 645 daAuts
 Ossuary: 396 daAuts
     D:9: 363 daAuts
   Sewer: 231 daAuts
    D:11: 29 daAuts
